 Dungeon Crawl Stone Soup version 0.29.1 (webtiles) character file.

Game seed: 12965853936534852995

74 wakxed the Vexing (level 4, -3/33 HPs)
             Began as a Formicid Arcane Marksman on Sept 14, 2022.
             Slain by a gnoll
             ... wielding a +0 whip
              (7 damage)
             ... on level 2 of the Dungeon.
             The game lasted 00:09:35 (2199 turns).

wakxed the Vexing (Formicid Arcane Marksman)        Turns: 2199, Time: 00:09:36

Health: -3/33      AC:  2    Str: 15    XL:     4   Next: 52%
Magic:  6/7        EV: 12    Int: 12    God:
Gold:   101        SH:  0    Dex: 16    Spells: 3/7 levels left

rFire   . . .      SeeInvis +   b - +2 demon blade (freeze)
rCold   . . .      Faith    .   (no shield)
rNeg    . . .      Spirit   .   c - +0 robe
rPois   .          Reflect  .   (helmet unavailable)
rElec   .          Harm     .   (no cloak)
rCorr   .          Rampage  .   (no gloves)
Will    .....                   (no boots)
Stlth   +.........              (no amulet)
HPRegen 0.11/turn               (no ring)
MPRegen 0.10/turn               (no ring)

@: no status effects
A: permanent stasis, dig shafts and tunnels, antennae 3, four strong arms
a: Dig, Shaft Self


You were on level 2 of the Dungeon.
You visited 1 branch of the dungeon, and saw 2 of its levels.

You collected 101 gold pieces.

Inventory:

Hand Weapons
 a - a +1 sling
 b - a +2 demon blade of freezing (weapon)
 f - a +0 mace of holy wrath
 p - a +1 dagger of speed
 q - a +0 short sword of draining
Missiles
 g - 2 throwing nets
Armour
 c - a +0 robe (worn)
Magical Staves
 o - a staff of air
Scrolls
 d - 3 scrolls of identify
 e - a scroll of vulnerability {unknown}
 i - a scroll of poison
 m - a scroll of teleportation {unknown}
Potions
 h - 2 potions of might {unknown}
 j - 5 potions of curing
 k - a potion of degeneration {unknown}
 l - a potion of lignification {unknown}
 n - a potion of berserk rage {unknown}
 r - a potion of brilliance {unknown}
 s - a potion of mutation {unknown}


   Skills:
 + Level 2.0 Fighting
 * Level 3.1 Ranged Weapons
 - Level 1.7 Dodging
 + Level 2.0 Spellcasting
 + Level 4.1 Hexes
 + Level 0.6 Fire Magic


You had 3 spell levels left.
You knew the following spells:

 Your Spells              Type           Power      Damage    Failure   Level
a - Slow                  Hex            44%        N/A       4%          1
b - Inner Flame           Hex/Fire       6%         N/A       30%         3

Your spell library contained the following spells:

 Spells                   Type           Power      Damage    Failure   Level
 Foxfire                  Conj/Fire      4%         2x1d4     24%         1
 Summon Small Mammal      Summ           4%         N/A       26%         1
 Portal Projectile        Hex/Tloc       12%        N/A       34%         3
 Summon Guardian Golem    Hex/Summ       6%         N/A       34%         3
 Conjure Flame            Conj/Fire      1%         6-21      58%         3
 Call Canine Familiar     Summ           1%         N/A       63%         3
 Ozocubu's Armour         Ice            1%         N/A       63%         3
 Cause Fear               Hex            5%         N/A       43%         4
 Flame Wave               Conj/Fire      1%         2d4       94%         4
 Metabolic Englaciation   Hex/Ice        3%         N/A       97%         5
 Simulacrum               Ice/Necr       0%         N/A       100%        6


Dungeon Overview and Level Annotations

Branches:
Dungeon (2/15)

Altars:

Shops:
D:1 [


Innate Abilities, Weirdness & Mutations

You cannot be hasted, slowed, berserked, paralysed or teleported.
You can dig through walls and to a lower floor.
You have a pair of large antennae on your head. (SInv)
Your four strong arms can wield two-handed weapons with a shield.


Message History

You shoot a sling bullet. The sling bullet hits the gnoll.
The gnoll is almost dead.
You shoot a sling bullet.
The sling bullet hits the gnoll but does no damage.
The gnoll is almost dead.
The gnoll hits you from afar with a +0 spear!
You shoot a sling bullet.
The sling bullet barely misses the gnoll.
The gnoll closely misses you.
Your +2 demon blade of freezing glows with a cold blue light!
b - a +2 demon blade of freezing (weapon)
The gnoll closely misses you.
As you read the scroll labelled DUYZOS KEDI, it crumbles to dust.
It is a scroll of identify.
j - 5 potions of curing The gnoll shouts!
The gnoll hits you from afar with a +0 spear.
The gnoll closely misses you. The gnoll barely misses you.
You hit the gnoll but do no damage.
The gnoll is almost dead.
The gnoll misses you. The gnoll hits you but does no damage.
You slash the gnoll! You freeze the gnoll.
You kill the gnoll!
The gnoll hits you from afar with a +0 spear.
Your Fighting skill increases to level 2!
Your Ranged Weapons skill increases to level 3!
The gnoll hits you with a +0 spear.
You see here a +0 spear.
You slash the gnoll! You freeze the gnoll.
You kill the gnoll!
The gnoll hits you with a +0 whip.
Your Spellcasting skill increases to level 2!
You completely miss the gnoll. The gnoll hits you with a +0 whip.
* * * LOW HITPOINT WARNING * * *
You closely miss the gnoll. The gnoll hits you but does no damage.
You barely miss the gnoll. The gnoll barely misses you.
The gnoll hits you with a +0 whip.
* * * LOW HITPOINT WARNING * * *
You closely miss the gnoll. The gnoll hits you with a +0 whip!
You die...

...# #...........#
#### #########...#
## ####......#)###
g# #..'.~~~~.#.#
.# #.##......#.#
.# ###.#########.#
.#### #.....#
###.#.# ..).#
#.....# #...#.#
.##.####.....#
#@###.#
.##...##.....###g#
#.#
.####..#.....#...#
#.# .#
##.......#.### #.#
.# ##........###
#.# .#
#...>......#
#.########### .#
##.....###.#
#...........# ##
#.....# #.#
###########.#
#.....# #.#
#...)....<#.#


You could see a gnoll.

Vanquished Creatures
  An adder (D:2)
  2 gnolls (D:2)
  3 ball pythons
  4 bats
  7 endoplasms
  2 giant cockroaches
  6 goblins
  3 hobgoblins
  4 frilled lizards (D:1)
  8 kobolds
40 creatures vanquished.

Notes
Turn   | Place    | Note
-------+----------+-------------------------------------------
     0 | D:1      | wakxed the Formicid Arcane Marksman began the quest for the
                  | Orb.
     0 | D:1      | Reached XP level 1. HP: 15/15 MP: 2/2
   212 | D:1      | Reached XP level 2. HP: 20/21 MP: 3/3
   350 | D:1      | You fall into a shaft and drop 1 floor!
  1061 | D:1      | Reached XP level 3. HP: 26/26 MP: 5/5
  1231 | D:1      | Found Qoipt's Antique Armour Emporium.
  1498 | D:2      | Learned a level 3 spell: Inner Flame
  1539 | D:2      | Reached skill level 4 in Hexes
  1982 | D:2      | Reached XP level 4. HP: 33/33 MP: 6/6
  2199 | D:2      | Slain by a gnoll

Illustrated notes

Levels and vault maps discovered:
D:1:      lightli_arrival_noodles, layout_basic, serial_shops,
          nicolae_shop_hallway_plus, nicolae_kite_square_tiling_tiny
D:2:      layout_basic, minivault_23, dk_vineyard_2, grunt_decor_one_mirror

Skill      XL: |  1  2  3  4 |
---------------+-------------+-----
Hexes          | 4 |  4.1
Fighting       | 2 |  2.0
Ranged Weapons | 3 |  3.1
Spellcasting   | 2 |  2.0
Dodging        | |  1.7
Fire Magic     | |  0.6

Action                   |  1- 3 |  4- 6 || total
-------------------------+-------+-------++-------
Melee: Short sword       |    10 |       ||    10
       Demon blade       |       |    11 ||    11
 Fire: Sling             |   117 |    17 ||   134
 Cast: Slow              |    12 |       ||    12
  Use: Scroll            |       |     1 ||     1
 Stab: Sleeping          |     1 |       ||     1
Armor: Robe              |    19 |     3 ||    22
Dodge: Dodged            |    36 |     8 ||    44
